 Dungeon Crawl Stone Soup version 0.31.0-32-g396128a36d (webtiles) character file.

Game seed: 1385556713011953765

10326 Cryptocurrenstein the Cleaver (level 11, 0/95 HPs)
             Began as a Minotaur Berserker on Apr 7, 2024.
             Was a High Priest of Trog.
             Succumbed to their own poison gas
             ... on level 11 of the Dungeon.
             The game lasted 01:32:51 (8514 turns).

Cryptocurrenstein the Cleaver (Minotaur Berserker)  Turns: 8514, Time: 01:32:52

Health: 0/95       AC: 16    Str: 25    XL:     11   Next: 34%
Magic:  10/10      EV: 26    Int:  8    God:    Trog [*****.]
Gold:   615        SH: 18    Dex: 17    Spells: 10/10 levels left

rFire   . . .        E - +3 flail (freeze)
rCold   . . .        x - +6 kite shield "Xuatreishy" {rN++ Will- Int+4}
rNeg    + + .        c - +5 ring mail
rPois   .            (helmet restricted)
rElec   .            u - +2 cloak
rCorr   +            (no gloves)
SInv    .            g - +0 pair of boots
Will    .....        a - amulet of the acrobat
Stlth   +            d - ring of resist corrosion
HPRegen 0.35/turn    o - +6 ring of dexterity
MPRegen 0.12/turn

%: acrobat
@: lethally poisoned (0 -> -34), acrobatic, studying Unarmed Combat
A: horns 2, retaliatory headbutt
a: Renounce Religion, Berserk, Trog's Hand, Brothers in Arms


You were on level 11 of the Dungeon.
You worshipped Trog.
Trog was extremely pleased with you.
You visited 2 branches of the dungeon, and saw 12 of its levels.
You also visited: Bailey.

You collected 615 gold pieces.

Inventory:

Hand Weapons
 h - a +0 sling
 i - the +8 sling "Goqij" {freeze, rF+ rCorr Str+4 Stlth+}
   (You found it on level 5 of the Dungeon)

   Str+4:     It affects your strength (+4).
   rF+:       It protects you from fire.
   rCorr:     It protects you from acid and corrosion.
   Stlth+:    It makes you more stealthy.
 k - a +3 mace
 y - a +2 trident of flaming
 D - a +4 battleaxe
 E - a +3 flail of freezing (weapon)
 F - a +1 dire flail
 H - a +2 heavy hand axe
Missiles
 q - 54 stones
 z - a boomerang
Armour
 c - a +5 ring mail (worn)
 g - a +0 pair of boots (worn)
 u - a +2 cloak (worn)
 x - the +6 kite shield "Xuatreishy" (worn) {rN++ Will- Int+4}
   (You found it on level 6 of the Dungeon)

   Int+4:     It affects your intelligence (+4).
   rN++:      It greatly protects you from negative energy.
   Will-:     It decreases your willpower.
 L - an orb of wrath
Jewellery
 a - an amulet of the acrobat (around neck)
 d - a ring of resist corrosion (left hand)
 e - a +4 ring of protection
 j - an amulet of magic regeneration
 o - a +6 ring of dexterity (right hand)
 G - a ring of flight
Talismans
 f - a blade talisman
Wands
 n - a wand of paralysis (11)
 r - a wand of mindburst (24)
 s - a wand of flame (4) (quivered)
 B - a wand of iceblast (13)
Scrolls
 l - 2 scrolls of silence
 m - a scroll of noise
 p - 3 scrolls of fog
 w - 3 scrolls of immolation
 A - 5 scrolls of teleportation
 J - a scroll of summoning
 M - 4 scrolls of poison
 N - 3 scrolls of blinking
 O - a scroll of identify
 P - a scroll of vulnerability
Potions
 b - 3 potions of brilliance
 t - 2 potions of curing
 v - a potion of attraction
 C - a potion of berserk rage
 I - a potion of heal wounds
 K - a potion of invisibility


   Skills:
 + Level 8.4 Fighting
 - Level 11.7(13.6) Axes
 + Level 10.0(12.3) Maces & Flails
 - Level 5.0(9.1) Polearms
 + Level 7.1 Armour
 - Level 3.3 Dodging
 + Level 9.7 Shields
 + Level 1.6 Evocations


You had 10 spell levels left.
You didn't know any spells.
Your spell library contained the following spells:

 Spells                   Type           Power      Damage    Failure   Level
 Magic Dart               Conj           0%         1d3       73%         1
 Blink                    Tloc           0%         N/A       86%         2
 Call Imp                 Summ           0%         N/A       86%         2
 Dazzling Flash           Conj/Hex       0%         N/A       97%         3
 Mephitic Cloud           Conj/Alch/Air  0%         N/A       97%         3
 Curse of Agony           Necr           0%         N/A       100%        5
 Silence                  Hex/Air        0%         N/A       100%        5


Dungeon Overview and Level Annotations

Branches:
Dungeon (11/15)            Temple (1/1) D:4            Lair (0/5) D:10
    Orc (0/2) D:9          Bailey (visited)

Altars:
Ashenzari
Cheibriados
Dithmenos
Elyvilon
Fedhas
Gozag
Hepliaklqana
Kikubaaqudgha
Makhleb
Nemelex Xobeh
Okawaru
Qazlal
Ru
Sif Muna
Trog
Uskayaw
Vehumet
Wu Jian
Xom
Yredelemnul
Zin
The Shining One
Jiyva

Shops:
D:4 :!


Innate Abilities, Weirdness & Mutations

You have a pair of horns on your head.
You reflexively headbutt those who attack you in melee.


Message History

You feel extremely sick. The troll bites you but does no damage.
The troll claws you but does no damage. You block the troll's attack.
The orc throws a stone.
The stone misses you. Something hits you but does no damage.
You sock the orc! You freeze the orc.
You kill the orc!
Trog accepts your kill.
You are engulfed in poison gas.
You are more poisoned.
* * * LOW HITPOINT WARNING * * *
You feel extremely sick.
The cyclops is engulfed in poison gas.
The cyclops looks even sicker.
You block the troll's attack. The troll claws you but does no damage.
You block the troll's attack.
The troll is poisoned.
You feel much better.
You are engulfed in poison gas.
You are more poisoned.
* * * LOW HITPOINT WARNING * * *
x2 You feel extremely sick.
Something hits you but does no damage. You block the troll's attack. x3
The cyclops is engulfed in poison gas.
The cyclops looks even sicker.
The troll is engulfed in poison gas.
The troll looks even sicker.
You feel much better.
* * * LOW HITPOINT WARNING * * *
You feel extremely sick.
An orc wizard appears from thin air!
Reactivating autopickup.
The orc wizard hits you but does no damage.
The troll closely misses you.
The troll claws you but does no damage. x2
You bludgeon the orc wizard!! You freeze the orc wizard.
You kill the orc wizard!
Trog accepts your kill.
Trog appreciates your killing of a magic user.
* * * LOW HITPOINT WARNING * * *
You feel extremely sick.
The cyclops is engulfed in poison gas.
The cyclops looks as sick as possible!
You block the troll's attack. x2; The troll misses you.
The orc wizard casts a spell at you. You block the puff of flame.
Your base Maces & Flails skill increases to level 10!
You die...

....#............ ....
#.........#)##....
##...##.........#†#....#
.#○§...#.........#...####
..§.§.......#.......##
..☼°§..#..###..#..##
##..§☼§###°§.○☼##..##
.#..###○○#☼§§○○☼.#...#
.....#T°.@.○☼........#
#..o☼o.☼)T#.○.○.#.....
#...§°C°.§##..§##......
#...°☼..☼.#.....#.......
.....#○.°§...............
.#..###§§#.......#........
##.....###.....## ..
#....$☼. ..###.. #
...$......... ###


You could see a cyclops (extremely poisoned), 2 trolls, an orc wizard and an
orc.

Vanquished Creatures
  2 vault guards (Bailey)
  A death yak (D:10)
  The ghost of Eolas the Fighter, a novice FoFi (D:9)
  An ugly thing (D:10)
  A black mamba (shapeshifter) (D:11)
  Joseph (D:8)
  An elephant (D:10)
  An unseen horror (D:11)
  2 hornets
  Prince Ribbit (Bailey)
  A slime creature (D:9)
  Eustachio (D:6)
  A vampire (D:10)
  A wyvern (D:8)
  3 yaks (D:9)
  A basilisk (D:10)
  5 humans (Bailey)
  2 wargs (D:9)
  Menkaure (D:5)
  Duvessa (D:6)
  A sky beast (D:6)
  5 orc warriors
  A black bear (D:10)
  An ice beast (D:8)
  An ogre (D:5)
  A centaur (D:4)
  A kobold brigand (D:9)
  A phantom (D:6)
  Blork the orc (D:6)
  11 bullfrogs
  A gnoll sergeant (D:6)
  A scorpion (D:7)
  A wyvern skeleton (D:6)
  4 wights (D:8)
  A water moccasin skeleton (D:6)
  Dowan (D:6)
  An electric eel (D:10)
  2 howler monkeys (D:9)
  A bullfrog zombie (D:6)
  7 jellies
  2 bombardier beetles
  3 hounds
  6 orc priests
  2 iguanas
  A bullfrog skeleton (D:6)
  A sleepcap (D:4)
  5 orc wizards
  A howler monkey zombie (D:6)
  6 gnolls
  9 adders
  2 shadow imps
  A white imp (D:6)
  4 ufetubi
  A ribbon worm (D:2)
  2 dart slugs (D:4)
  31 orcs
  8 ball pythons
  11 endoplasms
  2 giant cockroaches (D:4)
  18 goblins
  5 hobgoblins
  5 jackals (D:1)
  3 quokkas
  6 bats
  3 frilled lizards
  12 kobolds
  4 rats
227 creatures vanquished.

Vanquished Creatures (collateral kills)
  A scorpion (D:4)
  A dart slug (D:4)
  2 endoplasms (D:4)
4 creatures vanquished.

Grand Total: 231 creatures vanquished

Notes
Turn   | Place    | Note
-------+----------+-------------------------------------------
     0 | D:1      | Cryptocurrenstein the Minotaur Berserker began the quest
                  | for the Orb.
     0 | D:1      | Reached XP level 1. HP: 19/19 MP: 0/0
   262 | D:1      | Reached skill level 4 in Axes
   324 | D:1      | Reached XP level 2. HP: 14/26 MP: 1/1
   690 | D:1      | Reached skill level 5 in Axes
   865 | D:2      | Reached XP level 3. HP: 31/31 MP: 2/2
  1058 | D:2      | Found a shimmering blue altar of Sif Muna.
  1064 | D:2      | Reached ** piety under Trog
  1247 | D:2      | Reached skill level 6 in Axes
  1247 | D:2      | Reached XP level 4. HP: 39/39 MP: 3/3
  1683 | D:3      | Identified the +0 robe "Caler" {-Tele Rampage rN+++ Int-2}
  2396 | D:4      | Reached XP level 5. HP: 45/45 MP: 4/4
  2409 | D:4      | Reached skill level 7 in Axes
  2514 | D:4      | Reached *** piety under Trog
  2659 | D:4      | Found Ofajia's Distillery.
  2706 | D:4      | Reached skill level 8 in Axes
  2800 | D:4      | Found a broken altar of Ashenzari.
  2838 | D:5      | Entered Level 5 of the Dungeon
  2838 | D:5      | Noticed a centaur
  2844 | D:4      | Killed a centaur
  2845 | D:4      | Reached XP level 6. HP: 51/51 MP: 5/5
  2867 | D:4      | Found a staircase to the Ecumenical Temple.
  2880 | D:4      | Found a stormy altar of Qazlal.
  2886 | Temple   | Entered the Ecumenical Temple
  2964 | D:4      | Reached skill level 9 in Axes
  3109 | D:4      | Found Naev's Tremendous Tomes.
  3264 | D:5      | Reached XP level 7. HP: 48/58 MP: 6/6
  3293 | D:5      | Noticed Menkaure
  3780 | D:5      | Reached skill level 10 in Axes
  3990 | D:5      | Identified the +8 sling "Goqij" {freeze, rF+ rCorr Str+4
                  | Stlth+}
  4009 | D:5      | Killed Menkaure
  4279 | D:6      | Noticed Duvessa
  4280 | D:6      | Noticed Dowan
  4296 | D:6      | Killed Duvessa
  4307 | D:6      | Killed Dowan
  4307 | D:6      | Reached **** piety under Trog
  4308 | D:6      | Reached XP level 8. HP: 65/67 MP: 7/7
  4480 | D:6      | Reached skill level 11 in Axes
  4595 | D:6      | Found an opulent altar of Gozag.
  4596 | D:6      | Found a glowing silver altar of Zin.
  4596 | D:6      | Found a shimmering blue altar of Sif Muna.
  4597 | D:6      | Found a blossoming altar of Fedhas.
  4738 | D:6      | Identified the +6 kite shield "Xuatreishy" {rN++ Will-
                  | Int+4}
  4772 | D:6      | Reached skill level 5 in Fighting
  4772 | D:6      | Reached skill level 5 in Armour
  4925 | D:6      | Noticed Eustachio
  4960 | D:6      | Killed Eustachio
  4961 | D:6      | Reached skill level 1 in Shields
  5071 | D:6      | Found a shimmering altar of Xom.
  5117 | D:6      | Noticed Blork the orc
  5131 | D:6      | Killed Blork the orc
  5363 | D:7      | Reached skill level 1 in Polearms
  5457 | D:7      | Reached XP level 9. HP: 75/75 MP: 8/8
  5794 | D:8      | Noticed Joseph
  5812 | D:8      | Killed Joseph
  5990 | D:8      | Reached skill level 5 in Shields
  6128 | D:8      | Reached skill level 5 in Polearms
  6182 | D:8      | Reached skill level 1 in Maces & Flails
  6182 | D:8      | Reached skill level 1 in Evocations
  6222 | D:8      | Found a flagged portal.
  6292 | Bailey   | Entered a bailey
  6394 | Bailey   | Reached XP level 10. HP: 84/84 MP: 9/9
  6432 | Bailey   | Noticed a vault guard
  6432 | Bailey   | Noticed Prince Ribbit
  6452 | Bailey   | Killed Prince Ribbit
  6452 | Bailey   | Reached ***** piety under Trog
  6461 | Bailey   | Killed a vault guard
  6462 | Bailey   | Reached skill level 5 in Maces & Flails
  6511 | Bailey   | Noticed a vault guard
  6523 | Bailey   | Killed a vault guard
  6988 | D:9      | Found a staircase to the Orcish Mines.
  7270 | D:9      | Found a runed translucent gate.
  7270 | D:9      | Found a runed translucent gate.
  7270 | D:9      | Found a runed translucent gate.
  7270 | D:9      | Noticed Eolas's ghost (novice FoFi)
  7363 | D:9      | Found a viscous altar of Jiyva.
  7384 | D:9      | Killed Eolas's ghost
  7395 | D:9      | Reached XP level 11. HP: 91/94 MP: 10/10
  7523 | D:10     | Entered Level 10 of the Dungeon
  7656 | D:10     | Noticed a brown ugly thing
  7684 | D:10     | Killed a brown ugly thing
  8038 | D:10     | Noticed a death yak
  8039 | D:10     | Found a staircase to the Lair.
  8071 | D:10     | Killed a death yak
  8473 | D:11     | Received a gift from Trog
  8514 | D:11     | Reached skill level 10 in Maces & Flails
  8514 | D:11     | Succumbed to their own poison gas

Illustrated notes

Levels and vault maps discovered:
D:1:      minmay_arrival_widening_spiral_narrow, layout_basic
D:2:      layout_basic, basic_altar, chequers_serial_rivers_small_3,
          kennysheep_cross_room
D:3:      layout_basic, chequers_serial_rivers_room_b, roderic_lattice_a
D:4:      layout_rooms, kennysheep_mini_moat, lemuel_crystal_altar,
          minmay_temple_entry_overgrown, serial_shops,
          nicolae_shop_advertising_works [nicolae_subvault_shop_adworks],
          serial_bayou_lagoon_a, reono_crystal_passage, hangedman_decor_growths,
          chequers_jeans, nicolae_shop_i_like_big_books, chequers_arboretum,
          corexii_shack, minmay_unequal
D:5:      layout_rooms, st_stairs_1, minmay_ogre_servants, uniq_menkaure
D:6:      layout_rooms, chequers_temple_overflow_statue_of_worship,
          mainiacjoe_overflow_six_doors_small, serial_undead, serial_undead_d,
          serial_undead_c, serial_undead_a, serial_undead_a,
          hangedman_decor_slide_cut, uniq_blork_the_orc, uniq_duvessa,
          uniq_eustachio
D:7:      layout_basic, chequers_hall_statues_y,
          hangedman_decor_clover_reticule, st_stairs_14
D:8:      layout_rooms, enter_bailey_7, uniq_joseph
D:9:      layout_basic, david_orc_1_choice, serial_glass, glass_columns_a,
          glass_columns_a, glass_columns_a, glass_columns_a, glass_columns_c,
          feat_on_display, feat_on_display, minmay_strange_pillars,
          gammafunk_ghost_ooze, minmay_starry_boxes
D:10:     layout_basic, david_lair_generic, serial_glass, glass_columns_a,
          glass_columns_a, glass_columns_b, glass_columns_b, glass_columns_c,
          glass_columns_a, glass_columns_a, glass_columns_b, glass_columns_a,
          glass_columns_b
D:11:     nicolae_cairo_tiling_large_dashed, layout_rooms
Temple:   hellmonk_temple_two_chambers

Skill      XL: |  1  2  3  4  5  6  7  8  9 10 11 |
---------------+----------------------------------+-----
Axes           | 4 5 6 8 9 10 11 | 11.7
Armour         | 4 5 6 7 |  7.1
Fighting       | 4 5 6 8 |  8.4
Dodging        | 3 |  3.3
Shields        | 2 6 9 |  9.7
Polearms       | 1 5 |  5.0
Maces & Flails | 3 8 10 | 10.0
Evocations     | 1 |  1.6

Action                     |  1- 3 |  4- 6 |  7- 9 | 10-12 || total
---------------------------+-------+-------+-------+-------++-------
  Melee: Hand axe          |    86 |   147 |   196 |       ||   429
         Headbutt          |    14 |    19 |    63 |    54 ||   150
         Punch             |       |     1 |     3 |       ||     4
         Trident           |       |       |    86 |       ||    86
         Flail             |       |       |    38 |   214 ||   252
  Evoke: Wand              |       |       |     7 |     4 ||    11
    Use: Potion            |     1 |     2 |     4 |     2 ||     9
         Scroll            |     4 |     7 |    11 |     6 ||    28
 Armour: Ring mail         |    52 |   100 |   116 |   147 ||   415
  Dodge: Dodged            |    45 |    92 |    85 |    91 ||   313
  Block: Kite shield       |       |       |   133 |   143 ||   276
